 Dungeon Crawl Stone Soup version 0.20-a0-1122-gb7cbeb9 (webtiles) character file.

3481 nikopol the Chopper (level 10, 0/61 HPs)
             Began as a Gargoyle Berserker on May 14, 2017.
             Was a High Priest of Trog.
             Slain by PeterMcNeter's ghost (13 damage)
             ... on level 9 of the Dungeon.
             The game lasted 00:17:46 (7594 turns).

nikopol the Chopper (Gargoyle Berserker)            Turns: 7594, Time: 00:17:47

Health: 0/61       AC: 16    Str: 21    XL:     10   Next: 7%
Magic:  10/10      EV: 13    Int:  8    God:    Trog [*****.]
Gold:   419        SH:  0    Dex: 12    Spells: 9/9 levels left

rFire    . . .     SeeInvis .   a - +4 war axe
rCold    . . .     Gourm    .   (no shield)
rNeg     + . .     Faith    .   t - +0 ring mail
rPois    ∞         Spirit   .   k - +2 hat {MR+}
rElec    +         Reflect  .   (no cloak)
rCorr    .         Harm     .   (no gloves)
MR       +....                  D - +0 pair of boots
Stlth    +.........             (no amulet)
Regen    0.2/turn               (no ring)
MPRegen  0.2/turn               (no ring)

@: slowed, very slow
A: negative energy resistance 1, electricity resistance, unbreathing,
petrification resistance, rot immunity, AC +7
a: Berserk, Trog's Hand, Brothers in Arms, Burn Spellbooks, Renounce Religion


You were on level 9 of the Dungeon.
You worshipped Trog.
Trog was extremely pleased with you.
You were very hungry.

You visited 1 branch of the dungeon, and saw 9 of its levels.

You collected 419 gold pieces.

Inventory:

Hand Weapons
 a - a +4 war axe (weapon)
 z - a +0 shortbow
Missiles
 d - 103 arrows (quivered)
Armour
 b - a +0 animal skin
 k - a +2 hat of magic resistance (worn)
 t - a +0 ring mail (worn)
 D - a +0 pair of boots (worn)
Jewellery
 p - an uncursed ring of stealth {unknown}
 J - an uncursed ring of ice {unknown}
 P - an uncursed amulet of regeneration {unknown}
Wands
 B - a wand of disintegration (9/24)
 K - a wand of digging (17/24)
Scrolls
 f - a scroll of enchant armour {unknown}
 h - a scroll of blinking {unknown}
 n - 4 scrolls of identify
 o - 2 scrolls of magic mapping {unknown}
 s - a scroll of fog {unknown}
 x - 7 scrolls of remove curse
 y - 3 scrolls of fear {unknown}
 C - a scroll of random uselessness {unknown}
 E - a scroll of silence {unknown}
 F - 2 scrolls of amnesia {unknown}
 G - 4 scrolls of teleportation {unknown}
 H - a scroll of immolation {unknown}
 M - 2 scrolls of enchant weapon {unknown}
 N - a scroll of recharging {unknown}
 T - a scroll of noise {unknown}
Potions
 e - a potion of agility {unknown}
 i - a potion of experience {unknown}
 j - 3 potions of berserk rage {unknown}
 m - a potion of lignification {unknown}
 q - 2 potions of degeneration {unknown}
 r - 2 potions of resistance {unknown}
 u - 3 potions of brilliance {unknown}
 v - 4 potions of might {unknown}
 w - 3 potions of mutation {unknown}
 A - 3 potions of curing {unknown}
 L - 4 potions of heal wounds {unknown}
 O - 2 potions of flight {unknown}
 Q - a potion of ambrosia {unknown}
 R - a potion of haste {unknown}
Comestibles
 c - 4 bread rations
 g - 13 fruits
 l - 3 royal jellies
 I - a meat ration
 S - 3 chunks of flesh


   Skills:
 + Level 6.9 Fighting
 * Level 7.4 Axes
 * Level 7.3 Bows
 + Level 6.0 Armour
 + Level 4.6 Dodging


You had 9 spell levels left.
You didn't know any spells.

Dungeon Overview and Level Annotations

Branches:
Dungeon (9/15)             Temple (0/1) D:5
   Lair: D:8-11         Orc: D:9-12

Altars:
Ashenzari
Cheibriados
Dithmenos
Kikubaaqudgha
Nemelex Xobeh
Okawaru
Sif Muna
Trog
Uskayaw
Wu Jian
Zin
The Shining One

Shops:
D:7 %

Annotations:
D:9 PeterMcNeter's ghost, journeyman FoFi


Innate Abilities, Weirdness & Mutations

You are resistant to torment.
Your stone body is resilient. (AC +7)
You are immune to poison.
You resist negative energy. (rN+)
You are resistant to electric shocks. (rElec)
You can survive without breathing.
You are immune to petrification.
You are immune to rotting.


Message History

PeterMcNeter's ghost is severely damaged.
PeterMcNeter's ghost hits you!
You slash PeterMcNeter's ghost!
PeterMcNeter's ghost is severely damaged.
PeterMcNeter's ghost hits you.
You hit PeterMcNeter's ghost but do no damage.
PeterMcNeter's ghost is severely damaged.
PeterMcNeter's ghost hits you but does no damage.
You closely miss PeterMcNeter's ghost.
PeterMcNeter's ghost is severely damaged.
You hit PeterMcNeter's ghost but do no damage.
PeterMcNeter's ghost is severely damaged.
You are no longer berserk.
You are exhausted.
You feel yourself slow down. PeterMcNeter's ghost hits you!
* * * LOW HITPOINT WARNING * * *
You hit PeterMcNeter's ghost.
PeterMcNeter's ghost is severely damaged.
PeterMcNeter's ghost hits you!
You die...

#..# #..# #...# # #..# #.# #..#
#...# # #..# #.# #..####...# #
###..# #.# #.........# # (....#
#.# #.........# # .....# #.#
#.........# # ###(.# #.#
#.........######
#..####.########...............
#......((...cW@................
#.....)))#######...............
#....>...# #.....<)..#####.
#.####...# #}....[...# #. #.#
#...# #.........# #. #.# #...#
#.....)...# #. #. #...#
#.........# #. #...#
#.......<.# #. #...#
#.........# #.


You could see a centaur and PeterMcNeter's ghost.

Vanquished Creatures
  A soldier ant (D:8)
  2 water moccasins
  An orc warrior (D:8)
  2 sky beasts (D:7)
  2 necrophages
  5 ogres
  2 centaurs
  2 big kobolds
  5 bullfrogs
  A scorpion (D:4)
  5 wights (D:5)
  3 vampire bats (D:5)
  2 howler monkeys (D:7)
  A centaur zombie (D:5)
  4 crimson imps
  3 hounds
  2 jellies
  2 bullfrog skeletons
  2 orc priests
  2 iguanas (D:4)
  10 orc wizards
  4 worker ants
  2 hound skeletons
  10 adders
  5 gnolls
  A howler monkey skeleton (D:6)
  A shadow imp (D:4)
  2 oozes (D:6)
  An adder zombie (D:8)
  A worm (D:2)
  4 dart slugs
  6 leopard geckos
  23 orcs
  4 bat skeletons (D:5)
  3 bat zombies (D:5)
  10 giant cockroaches
  7 goblins
  7 hobgoblins
  10 jackals
  3 quokkas
  2 ball pythons
  3 bats
  11 frilled lizards
  21 kobolds
  4 rats
204 creatures vanquished.

Notes
Turn   | Place    | Note
-------+----------+-------------------------------------------
     0 | D:1      | nikopol the Gargoyle Berserker began the quest for the Orb.
     0 | D:1      | Reached XP level 1. HP: 14/14 MP: 1/1
     3 | D:1      | Noticed an electric eel
     3 | D:1      | Noticed an electric eel
   188 | D:1      | Reached XP level 2. HP: 7/19 MP: 2/2
   509 | D:1      | Reached XP level 3. HP: 24/24 MP: 3/3
   759 | D:2      | Reached ** piety under Trog
   958 | D:2      | Found a snail-covered altar of Cheibriados.
   994 | D:2      | Found a shadowy altar of Dithmenos.
  1005 | D:2      | Reached XP level 4. HP: 23/29 MP: 4/4
  1739 | D:2      | Found a glowing silver altar of Zin.
  1739 | D:2      | Noticed an angel
  1759 | D:3      | Found a bloodstained altar of Trog.
  1897 | D:3      | Reached XP level 5. HP: 31/33 MP: 5/5
  1930 | D:3      | Found a shattered altar of Ashenzari.
  1935 | D:3      | Reached *** piety under Trog
  2171 | D:3      | Noticed a centaur
  2183 | D:3      | Killed a centaur
  2335 | D:3      | Found an ornate altar of the Wu Jian Council.
  2508 | D:4      | Reached XP level 6. HP: 39/39 MP: 6/6
  2565 | D:4      | Reached skill level 1 in Bows
  2977 | D:4      | Found an iron altar of Okawaru.
  3014 | D:4      | Reached XP level 7. HP: 29/44 MP: 7/7
  3394 | D:3      | Found an ornate altar of the Wu Jian Council.
  3435 | D:5      | Entered Level 5 of the Dungeon
  3456 | D:5      | Found a glowing golden altar of the Shining One.
  3469 | D:5      | Reached skill level 5 in Fighting
  3607 | D:5      | Found a staircase to the Ecumenical Temple.
  3637 | D:5      | Reached skill level 5 in Axes
  3641 | D:5      | Reached XP level 8. HP: 30/49 MP: 8/8
  3642 | D:5      | Reached **** piety under Trog
  3992 | D:5      | Found an ancient bone altar of Kikubaaqudgha.
  4340 | D:6      | Found a sparkling altar of Nemelex Xobeh.
  4382 | D:6      | Reached skill level 5 in Bows
  5043 | D:6      | Found a deep blue altar of Sif Muna.
  5368 | D:7      | Reached ***** piety under Trog
  5378 | D:7      | Reached skill level 5 in Armour
  5378 | D:7      | Reached XP level 9. HP: 55/55 MP: 9/9
  5726 | D:7      | Found Qeku Pimm's Food Shop.
  6191 | D:8      | Found a hide-covered altar of Uskayaw.
  6191 | D:8      | Noticed a dagger
  6192 | D:8      | Noticed a dagger
  7263 | D:8      | Reached XP level 10. HP: 51/61 MP: 10/10
  7496 | D:9      | Received a gift from Trog
  7550 | D:9      | Noticed PeterMcNeter's ghost (journeyman FoFi)
  7594 | D:9      | Slain by PeterMcNeter's ghost

Vault maps used:
D:1:      arrival_aquarium_b
D:2:      zin_angel, cheibriados_altar_1, nicolae_dithmenos_shadow_blocks,
          first_bread
D:3:      lemuel_upstairs_altar, lemuel_round_altar,
          nicolae_overflow_crystal_walls, overflow_temple_1_default
D:4:      kennysheep_okawaru_gauntlet
D:5:      kennysheep_vampire_church, nicolae_overflow_hidden_temple,
          minmay_temple_entry_glass
D:6:      lemuel_blue_sif_altar, basic_altar
D:7:      serial_shops, shop
D:8:      dancing_weapons_uskayaw
D:9:      grunt_ogre_cave

Skill      XL: |  1  2  3  4  5  6  7  8  9 10 |
---------------+-------------------------------+-----
Axes           | 3 4 5 6 7 |  7.4
Dodging        | 2 3 4 |  4.6
Fighting       | 4 5 6 |  6.9
Armour         | 3 4 5 6 |  6.0
Bows           | 2 3 5 7 |  7.3

Action                   |  1- 3 |  4- 6 |  7- 9 | 10-12 || total
-------------------------+-------+-------+-------+-------++-------
Melee: Hand axe          |    96 |   118 |       |       ||   214
       War axe           |       |    86 |   246 |    30 ||   362
 Fire: Shortbow          |       |    33 |   196 |    20 ||   249
Invok: Berserk           |       |     2 |     2 |     1 ||     5
       Burn Spellbooks   |       |       |     1 |       ||     1
  Use: Scroll            |       |       |     4 |       ||     4
  Eat: Chunk             |       |     9 |    14 |     2 ||    25
Armor: Animal skin       |    32 |    21 |       |       ||    53
       Ring mail         |       |    67 |   175 |    16 ||   258
Dodge: Dodged            |    60 |   134 |   210 |    15 ||   419
